[Event "Emanuel Lasker Open 2017"]
[Site "Gorzow"]
[Date "2017.06.16"]
[Round "5"]
[White "Kucza, Karol"]
[Black "Aliavdin, Nikolai"]
[Result "1-0"]
[ECO "C91"]
[WhiteElo "2278"]
[BlackElo "2351"]
[Annotator "ChessBase"]
[PlyCount "89"]
[EventDate "2017.??.??"]
[EventType "swiss"]
[EventCountry "POL"]
[SourceTitle "playchess.com"]
[Source "ChessBase"]
[SourceQuality "1"]
[TimeControl "40/5400+30:1800+30"]

1. e4 e5 2. Nf3 Nc6 3. Bb5 a6 4. Ba4 Nf6 5. O-O Be7 6. Re1 b5 7. Bb3 d6 8. c3 O-O 9. d4 Bg4 10. Be3 exd4 11. cxd4 Na5 12. Bc2 Nc4 13. Bc1 c5 14. b3 Nb6 15. Nbd2 cxd4 16. Bb2 Rc8 17. h3 Bh5 18. g4 Bg6 19. Nxd4 d5 20. e5 Bxc2 21. Nxc2 Ne4 22. Nxe4 dxe4 23. Nd4 Nd5 24. Rxe4 Nc3 25. Bxc3 Rxc3 26. Rc1 Rxh3 27. Nf5 Qxd1+ 28. Rxd1 Bc5 29. Rc1 Bb6 30. Rc6 Rb8 31. e6 fxe6 32. Rexe6 Ba5 33. Rxa6 Bc3 34. Rab6 Ra8 35. Rxb5 Rxa2 36. Rd6 Bf6 37. Rb8+ Kf7 38. Rb7+ Kf8 39. Rb8+ Kf7 40. Rb7+ Kf8 41. Nxg7 Ra1+ 42. Kg2 Rh2+ 43. Kxh2 Be5+ 44. Kg2 Bxd6 45. Ne6+ 1-0

[Event "Emanuel Lasker Open 2017"]
[Site "Gorzow"]
[Date "2017.06.16"]
[Round "5"]
[White "Kumala, Aleksander"]
[Black "Kubicka, Anna"]
[Result "1/2-1/2"]
[ECO "C41"]
[WhiteElo "2224"]
[BlackElo "2168"]
[Annotator "NA"]
[PlyCount "45"]
[EventDate "2017.??.??"]
[EventType "swiss"]
[EventCountry "POL"]
[SourceTitle "playchess.com"]
[Source "ChessBase"]
[SourceQuality "1"]
[TimeControl "40/5400+30:1800+30"]

1. e4 d6 2. d4 Nf6 3. Nc3 e5 4. Nf3 Nbd7 5. g4 Nxg4 6. Rg1 Ngf6 7. Bc4 h6 8. Be3 c6 9. dxe5 dxe5 10. Qe2 b5 11. Bb3 Qa5 12. O-O-O Ba6 $1 13. Nb1 c5 (13... Qc7 $17) 14. Bxf7+ Kxf7 15. Rxd7+ Nxd7 {[%emt 0:00:35] [#]} 16. Nxe5+ $11 Nxe5 17. Qh5+ Kg8 18. Qxe5 Rd8 19. Rxg7+ Bxg7 20. Qe6+ Kh7 21. Qf5+ Kg8 22. Qe6+ Kh7 23. Qf5+ 1/2-1/2

[Event "Emanuel Lasker Open 2017"]
[Site "Gorzow"]
[Date "2017.06.16"]
[Round "5"]
[White "Bartnicki, Pawel"]
[Black "Rudecki, Bartosz"]
[Result "1-0"]
[ECO "A50"]
[WhiteElo "2078"]
[BlackElo "2007"]
[Annotator "NA"]
[PlyCount "59"]
[EventDate "2017.??.??"]
[EventType "swiss"]
[EventCountry "POL"]
[SourceTitle "playchess.com"]
[Source "ChessBase"]
[SourceQuality "1"]
[TimeControl "40/5400+30:1800+30"]

1. d4 Nf6 2. c4 Nc6 3. Nc3 e5 4. d5 Ne7 5. e4 Ng6 6. Be3 Bb4 {[%emt 0:00:08] A50: Queen's Fianchetto Defence (1 d4 Nf6 2 c4 b6)} 7. f3 (7. Bd3 Bxc3+ 8. bxc3 d6 9. f3 O-O 10. Ne2 Nd7 11. O-O Nc5 12. Bxc5 dxc5 13. Qd2 f6 14. Rae1 {1-0 (37) Almeida Quintana,O (2521)-Benjamin,J (2583) ICC INT 2009}) 7... Qe7 8. Nge2 a5 9. a3 Bxc3+ $146 ({Predecessor:} 9... Bc5 10. Bxc5 Qxc5 11. Nb5 O-O 12. Nec3 Ne8 13. Qd2 c6 {1-0 (25) Vicsai,G (2174)-Balogh,L (2228) Eger 2005}) 10. Nxc3 d6 11. b4 axb4 12. axb4 Rxa1 13. Qxa1 O-O 14. g3 Nh5 15. Be2 Nh8 (15... f5 $1 $14) 16. Qa5 (16. Nb5 $142) 16... f5 17. exf5 Nf6 {[%emt 0:01:41] [#]} (17... Bxf5 $142 18. Nb5 c6) 18. g4 (18. Nb5 $1 $16) 18... e4 19. f4 Nxg4 20. Bxg4 Qh4+ 21. Kd2 Qxg4 22. Rg1 Qxf5 23. Qxc7 Nf7 $2 (23... Ng6 $16 {is a better defense.}) 24. Qe7 Qh3 $2 (24... Qd7 25. Bd4 (25. Qxe4 Nh6 $14) 25... g6 26. Qxd7 e3+ 27. Ke2 Bxd7) 25. Nxe4 g6 26. Nf6+ Kg7 27. Bd4 Rd8 28. Ng4+ $18 (28. Nxh7+ $142 Kh6 29. Ng5 Qxh2+ 30. Kc3 Be6 31. Nxf7+ Bxf7 {[#]} 32. Rxg6+ $1 Bxg6 33. Bg7+ Kh7 34. Bf8+ Bf7 35. Qxf7+ Kh8 36. Qg7#) 28... Kg8 29. Qf6 Kf8 30. Qg7+ 1-0

[Event "Emanuel Lasker Open 2017"]
[Site "Gorzow"]
[Date "2017.06.16"]
[Round "5"]
[White "Chyzy, Jakub"]
[Black "Lukasiewicz, Krzysztof"]
[Result "0-1"]
[ECO "B12"]
[WhiteElo "1838"]
[BlackElo "2098"]
[Annotator "NA RC"]
[PlyCount "132"]
[EventDate "2017.??.??"]
[EventType "swiss"]
[EventCountry "POL"]
[SourceTitle "playchess.com"]
[Source "ChessBase"]
[SourceQuality "1"]
[TimeControl "40/5400+30:1800+30"]

1. e4 c6 2. d4 d5 3. e5 Bf5 4. Nf3 e6 5. a3 Nd7 6. Be2 c5 {[%emt 0:01:57] B12: Caro-Kann: Advance Variation} 7. O-O Ne7 8. dxc5 Nc6 9. b4 a5 $1 10. b5 (10. Bg5 $11 Be7 11. Bxe7 Qxe7 12. Nc3) (10. Nd4 axb4 11. Nxf5 exf5 12. Bb2 Bxc5 13. axb4 Rxa1 14. Bxa1 Nxb4 15. Nc3 {½-½ (50) Svidler,P (2734)-So,W (2674) Amsterdam 2010}) 10... Ncxe5 11. Nxe5 Nxe5 12. Qd4 $146 ({Predecessor:} 12. Bb2 f6 13. Bd4 Be7 14. f4 {1-0 (32) Castella Garcia,F (2381)-Hernandez Casillas,J (2169) Mislata 2007}) 12... f6 13. f4 Rc8 14. c6 $1 Nc4 15. Bxc4 dxc4 16. Qxd8+ Rxd8 17. Be3 bxc6 ({But not} 17... Bxc2 $6 18. c7 $14) 18. b6 Bxc2 19. Rc1 Bb3 20. Nd2 {[%emt 0:01:26] [#]} Rd3 (20... Rxd2 $1 $19 {has better winning chances.} 21. Bxd2 Bc5+ 22. Kf1 Bxb6) 21. b7 Bd6 22. Kf2 Kd7 23. Rab1 (23. Nxc4 $17 {was necessary.} Bxc4 24. Rxc4) 23... Bxa3 24. Rxc4 Bxc4 25. Nxc4 Rxe3 (25... Bb4 $19 {has better winning chances.} 26. Ba7 Rc3 27. Nxa5 Bxa5) 26. Kxe3 Bc5+ 27. Kd3 Kc7 28. Nxa5 Rd8+ 29. Kc3 Bb6 30. Nc4 Bd4+ 31. Kc2 Rb8 32. Re1 e5 33. fxe5 Bxe5 34. Nxe5 fxe5 35. Rxe5 Kd6 36. Re3 Rxb7 37. Rd3+ Kc7 38. Rf3 c5 39. Kc3 Kd6 40. Rh3 g6 41. Rf3 Ra7 42. Rf6+ (42. Rf2 $17 {was worth a try.}) 42... Kd5 43. Rf2 Ra3+ 44. Kb2 Re3 45. Kc2 Kc4 46. Rf4+ Kb5 47. Rf7 h5 48. g3 $1 $11 Re6 $2 ({Better is} 48... g5 $19 49. Kd2 Ra3) 49. Kc3 Re3+ 50. Kd2 $2 Ra3 51. Kc2 Kb4 52. Rf6 Ra2+ 53. Kb1 Rxh2 54. Rxg6 c4 55. Rf6 Rh3 56. Rf5 Kb3 57. Rb5+ Kc3 58. Rf5 Rh1+ 59. Ka2 Kc2 60. Rf2+ Kd3 61. Rf3+ Kd2 62. Rf2+ Ke3 63. Rf4 $2 (63. Rf5) 63... h4 64. Rg4 c3 65. Kb3 Kd3 66. gxh4 Rb1+ 0-1